 Dungeon Crawl Stone Soup version 0.28.0-45-g0d030f2227 (webtiles) character file.

Game seed: 955697189712236928

6 CryoSword the Sneak (level 1, -2/9 HPs)
             Began as a Vine Stalker Enchanter on Apr 18, 2022.
             Slain by a gnoll
             ... wielding a +0 whip
              (4 damage)
             ... on level 1 of the Dungeon.
             The game lasted 00:00:15 (57 turns).

CryoSword the Sneak (Vine Stalker Enchanter)          Turns: 57, Time: 00:00:16

Health: -2/9       AC:  2    Str: 10    XL:     1   Next: 90%
Magic:  0/4        EV: 12    Int: 15    God:
Gold:   13         SH:  0    Dex: 14    Spells: 4/4 levels left

rFire   . . .      SeeInvis .   a - +1 dagger
rCold   . . .      Faith    .   (no shield)
rNeg    . . .      Spirit   +   b - +0 robe
rPois   .          Reflect  .   (no helmet)
rElec   .          Harm     .   (no cloak)
rCorr   .          Rampage  .   (no gloves)
Will    .....                   (no boots)
Stlth   ++........              (no amulet)
HPRegen 0.03/turn               (no ring)
MPRegen 0.09/turn               (no ring)

@: no status effects
A: fangs 2, magic shield, antimagic bite, no potion heal 2
a: no special abilities


You were on level 1 of the Dungeon.
You visited 1 branch of the dungeon, and saw 1 of its levels.

You collected 13 gold pieces.

Inventory:

Hand Weapons
 a - a +1 dagger (weapon)
Armour
 b - a +0 robe (worn)
Potions
 c - a potion of invisibility


   Skills:
 + Level 0.1 Fighting
 * Level 1.1 Short Blades
 + Level 1.6 Dodging
 + Level 3.7 Stealth
 + Level 2.2 Spellcasting
 * Level 3.1 Hexes


You had 4 spell levels left.
You didn't know any spells.
Your spell library contained the following spells:

 Spells                   Type           Power      Damage    Failure   Level
 Ensorcelled Hibernation  Hex/Ice        12%        N/A       17%         2
 Confusing Touch          Hex            11%        N/A       19%         3
 Tukima's Dance           Hex            11%        N/A       19%         3
 Dazzling Flash           Conj/Hex       12%        N/A       34%         3


Dungeon Overview and Level Annotations

Branches:
Dungeon (1/15)

Altars:

Shops:
D:1 !


Innate Abilities, Weirdness & Mutations

You have extremely sharp teeth.
When hurt, damage is shared between your health and your magic reserves.
Your bite disrupts and absorbs the magic of your enemies.
Potions cannot restore your health.


Message History

Welcome, CryoSword the Vine Stalker Enchanter.
They say the Orb of Zot lies within this dungeon, but they say a lot of things.
Found a staircase leading out of the dungeon.
A dart slug comes into view.
A dart slug is nearby!
A dart slug is nearby!
Found 13 gold pieces.
The helpless dart slug fails to defend itself.
You puncture the dart slug!
You kill the dart slug!
Your Short Blades skill increases to level 1!
No target in view!
No target in view!
No target in view!
No target in view!
No target in view!
No target in view!
No target in view!
No target in view!
You now have 13 gold pieces.
Could not explore, unopened door.
Could not explore, unopened door.
No target in view!
You open the door.
There is an open door here.
Could not explore, unopened door.
Could not explore, unopened door.
You open the door.
A rat comes into view.
Found an escape hatch in the floor.
A rat is nearby!
A rat is nearby!
A rat is nearby!
There is an open door here.
There is an escape hatch in the floor here.
The helpless rat fails to defend itself.
You impale the rat!!
You kill the rat!
No target in view!
No target in view!
No target in view!
No target in view!
No target in view!
A kobold comes into view. It is wielding a +0 short sword.
Found Kiguarghe's Distillery.
A kobold is nearby!
A kobold is nearby!
Found a pair of gloves.
An endoplasm comes into view.
A gnoll comes into view. It is wielding a +0 whip.
The helpless endoplasm fails to defend itself.
You puncture the endoplasm!
You kill the endoplasm!
The helpless kobold fails to defend itself.
You puncture the kobold!
You kill the kobold!
A ball python comes into view.
You see here a +0 short sword.
The ball python hisses angrily.
The gnoll shouts!
The gnoll barely misses you. The ball python closely misses you.
The ball python grabs you. The ball python constricts you.
You hit the ball python. You bite the ball python.
You kill the ball python!
The gnoll closely misses you.
You hit the gnoll. You bite the gnoll. You drain its power.
The gnoll closely misses you.
You hit the gnoll but do no damage. You bite the gnoll. You drain its power.
The gnoll hits you with a +0 whip.
You are too injured to fight recklessly!
You are too injured to fight recklessly!
You don't know any spells.
Unknown command.
Unknown command.
You hit the gnoll but do no damage. The gnoll hits you with a +0 whip.
* * * LOW HITPOINT WARNING * * *
You hit the gnoll. The gnoll hits you with a +0 whip.
You die...

#................
###.#.####.###...
#########..# #.#
#... ...........#
#.# #...
#######.∩.#####.#
#.>. #...#.......#.#
##'# #...#)#######.#
#.# #.†...........#
#.# #..@#[........#
#.#
#..g#.......#.####.#
#...#..............'
#...##.####.#.####.#
#...+ .. ........
#...# .## ......#
#...# .# #.#.....
##### # #.....
#.....


You could see a gnoll.

Vanquished Creatures
  A dart slug (D:1)
  An endoplasm (D:1)
  A ball python (D:1)
  A kobold (D:1)
  A rat (D:1)
5 creatures vanquished.

Notes
Turn   | Place    | Note
-------+----------+-------------------------------------------
     0 | D:1      | CryoSword the Vine Stalker Enchanter began the quest for
                  | the Orb.
     0 | D:1      | Reached XP level 1. HP: 9/9 MP: 4/4
    10 | D:1      | Reached skill level 1 in Short Blades
    41 | D:1      | Found Kiguarghe's Distillery.
    57 | D:1      | Slain by a gnoll

Illustrated notes

Levels and vault maps discovered:
D:1:      eino_arrival_water_cross, layout_basic, serial_shops,
          nicolae_shop_stone, dilly_ecumenical_altar_fadedgnrine

Skill      XL: |  1 |
---------------+----+-----
Short Blades   | 1 |  1.1
Fighting       | |  0.1
Dodging        | |  1.6
Stealth        | |  3.7
Spellcasting   | |  2.2
Hexes          | |  3.1

Action                   || total
-------------------------++-------
Melee: Dagger            ||     9
       Bite              ||     3
 Stab: Sleeping          ||     4
Dodge: Dodged            ||     4
